[Event "Titled Tuesday Blitz May 30 Early 2023"]
[White "Vaglio Munoz, Jaime"]
[Black "Pham, Le Thao Nguyen"]
[WhiteFideId "6500145"]
[BlackFideId "12401226"]
[WhiteElo "2199"]
[BlackElo "2286"]
[Result "1-0"]
[Round "06"]
[TimeControl "180+2"]
[Date "2023.05.30"]
[WhiteClock "0:01:10"]
[BlackClock "0:00:00"]

1. Nf3 d5 2. c4 dxc4 3. e4 Nf6 4. e5 Nd5 5. Bxc4 c6 6. Nc3 e6 7. O-O Be7 8. d4 b6 9. Ne4 h6 10. a3 Ba6 11. Bxa6 Nxa6 12. b4 O-O 13. Be3 Nac7 14. Rc1 Qd7 15. Qc2 Nxe3 16. fxe3 Nd5 17. Qxc6 Qxc6 18. Rxc6 a5 19. Nd6 axb4 20. axb4 Nxe3 21. Rfc1 Nd5 22. b5 Ra5 23. Nd2 Ra4 24. N2c4 Rb8 25. Nc8 Bd8 26. N8d6 Rb4 27. Ra1 f6 28. Ra7 fxe5 29. dxe5 Bg5 30. g3 Rf8 31. Kg2 Rb1 32. Kh3 Be3 33. Nxe3 Nxe3 34. Rcc7 1-0


[Site "https://www.chess.com"]

[Event "Titled Tuesday Blitz May 30 Early 2023"]
[White "rikchessmx"]
[Black "Vovk, Orest"]
[BlackFideId "14113490"]
[WhiteElo "2310"]
[BlackElo "2215"]
[Result "0-1"]
[Round "06"]
[TimeControl "180+2"]
[Date "2023.05.30"]
[WhiteClock "0:00:00"]
[BlackClock "0:00:13"]

1. e4 g5 2. d4 g4 3. Qxg4 d5 4. Qf3 dxe4 5. Qxe4 Nf6 6. Qe3 Nc6 7. c3 Qd5 8. Nf3 Bg4 9. Be2 O-O-O 10. Na3 Rg8 11. Bc4 Qh5 12. Bd2 Bxf3 13. gxf3 Nd5 14. Qe4 e6 15. O-O-O Bxa3 16. bxa3 Rg2 17. Be3 Rxh2 18. Rxh2 Qxh2 19. Qc2 h5 20. Bxd5 Rxd5 21. c4 Rd8 22. d5 Ne5 23. Qe4 f5 24. Qd4 b6 25. Bf4 Nxf3 26. Bxh2 Nxd4 27. Rxd4 exd5 28. Rxd5 Rf8 29. Bf4 h4 30. Rd3 Re8 31. Kd2 Re4 32. Rf3 Rxc4 33. Bg5 Ra4 34. Rh3 Kd7 35. Bxh4 Ke6 36. Bg5 c5 37. f4 Kd5 38. Kc2 Ke4 39. Rh7 Rxa3 0-1


[Site "https://www.chess.com"]

[Event "Titled Tuesday Blitz May 30 Early 2023"]
[White "Kuznetsov, Mikhail"]
[Black "Jiganchine, Roman"]
[WhiteFideId "4117190"]
[BlackFideId "2603667"]
[WhiteElo "1981"]
[BlackElo "2306"]
[Result "0-1"]
[Round "06"]
[TimeControl "180+2"]
[Date "2023.05.30"]
[WhiteClock "0:00:03"]
[BlackClock "0:00:09"]

1. Nf3 d5 2. g3 Nf6 3. Bg2 Nbd7 4. d4 Nb6 5. O-O Bf5 6. Nbd2 e6 7. c4 dxc4 8. Nxc4 Nxc4 9. Qa4+ c6 10. Qxc4 Be4 11. Bg5 Be7 12. Rfd1 O-O 13. e3 Qd5 14. Qxd5 cxd5 15. Rac1 Rfc8 16. Ne5 Bxg2 17. Kxg2 h6 18. Bxf6 Bxf6 19. Nd3 Be7 20. Rxc8+ Rxc8 21. Rc1 Rxc1 22. Nxc1 Kf8 23. Nd3 Bd6 24. f3 Ke7 25. e4 Kd7 26. Kf2 Kc6 27. Ke3 Kb5 28. b3 Kc6 29. a4 h5 30. e5 Be7 31. h4 b5 32. Kd2 bxa4 33. bxa4 Kb6 34. Kc3 Ka5 35. Kb3 g6 36. f4 Kb6 37. Nb2 Ka5 38. Nd1 Bb4 39. Nf2 Be1 40. Nh3 Bxg3 41. Ng5 Bxh4 42. Nxf7 Be7 43. Nh8 g5 44. Ng6 Bd8 45. fxg5 Bxg5 46. Nf8 h4 47. Nxe6 h3 48. Nxg5 h2 49. Nf3 h1=Q 50. Nd2 Qd1+ 51. Kc3 Qc1+ 52. Kd3 Kb4 53. e6 Qc3+ 54. Ke2 Qxd4 55. Nf3 Qe4+ 56. Kf2 Qxe6 57. Nd4 Qe4 58. Nc6+ Kc5 59. Nxa7 Kb6 60. Nb5 Qc2+ 61. Ke3 Qxa4 62. Nc3 Qc4 63. Ne2 Qe4+ 64. Kd2 d4 65. Nc1 Qe3+ 66. Kc2 Qc3+ 67. Kb1 d3 68. Na2 Qc2+ 69. Ka1 d2 70. Nc3 Qxc3+ 71. Ka2 Qc2+ 72. Ka3 Qc3+ 73. Ka2 Qb4 74. Ka1 Kc5 75. Ka2 Kc4 76. Ka1 Kc3 77. Ka2 Qb2# 0-1


[Site "https://www.chess.com"]

[Event "Titled Tuesday Blitz May 30 Early 2023"]
[White "Hirneise, Jens"]
[Black "Zaksaite, Salomeja"]
[WhiteFideId "24614734"]
[BlackFideId "12801496"]
[WhiteElo "2345"]
[BlackElo "2059"]
[Result "1-0"]
[Round "06"]
[TimeControl "180+2"]
[Date "2023.05.30"]
[WhiteClock "0:01:11"]
[BlackClock "0:00:24"]

1. e4 c5 2. Nc3 Nc6 3. Bb5 Nd4 4. a4 a6 5. Bc4 e6 6. Nf3 Ne7 7. Nxd4 cxd4 8. Ne2 Nc6 9. O-O Bc5 10. d3 O-O 11. Ba2 b5 12. Bb3 Na5 13. c3 Nxb3 14. Qxb3 dxc3 15. Qxc3 Qe7 16. axb5 Bb4 17. Qb3 Bb7 18. bxa6 Bxa6 19. Be3 Rfb8 20. Rfc1 Bd2 21. Rxa6 Bxc1 22. Bxc1 d5 23. Rxa8 Rxa8 24. g3 dxe4 25. dxe4 h6 26. Kg2 Qc7 27. Be3 Rb8 28. Qc3 Qb7 29. Qe5 Qa6 30. Qxb8+ 1-0


[Site "https://www.chess.com"]

[Event "Titled Tuesday Blitz May 30 Early 2023"]
[White "Fishchuk, Vladyslav"]
[Black "Cesar Maestre, Bernardo"]
[WhiteFideId "34122117"]
[BlackFideId "24542547"]
[WhiteElo "2082"]
[BlackElo "2271"]
[Result "1-0"]
[Round "06"]
[TimeControl "180+2"]
[Date "2023.05.30"]
[WhiteClock "0:00:43"]
[BlackClock "0:00:18"]

1. e4 c6 2. d4 d5 3. exd5 cxd5 4. Bd3 Nc6 5. c3 Nf6 6. h3 g6 7. Nf3 Bf5 8. Be2 Bg7 9. O-O O-O 10. Bf4 Nd7 11. Nbd2 e5 12. dxe5 Ndxe5 13. Nxe5 Nxe5 14. Nf3 Nxf3+ 15. Bxf3 Qb6 16. Qb3 Qxb3 17. axb3 Rfd8 18. Rfd1 Be6 19. Be3 b6 20. Bd4 Rd7 21. Bxb6 Rb8 22. Bxa7 Rxb3 23. Rd2 Rdb7 24. Bc5 Bh6 25. Ra8+ Rb8 26. Rxb8+ Rxb8 27. Re2 Rc8 28. Bd4 Kf8 29. b4 Bf4 30. b5 Rb8 31. b6 Bh6 32. Rb2 Bg7 33. Bxg7+ Kxg7 34. b7 Kf6 35. c4 dxc4 36. Ra2 c3 37. Rc2 Ke7 38. Rxc3 Kd6 39. g4 Re8 40. Kg2 Rf8 41. Kg3 h6 42. h4 Rb8 43. Kf4 Re8 44. Ra3 Kc7 45. Ra8 Rb8 46. Rxb8 Kxb8 47. g5 hxg5+ 48. hxg5 Kc7 49. Ke5 Ba2 50. Bd5 Bxd5 51. Kxd5 Kxb7 52. Kd6 1-0


[Site "https://www.chess.com"]

[Event "Titled Tuesday Blitz May 30 Early 2023"]
[White "Sai Han Thiha"]
[Black "Rosenberg, Evan S"]
[WhiteFideId "13012290"]
[BlackFideId "2019299"]
[WhiteElo "1954"]
[BlackElo "2303"]
[Result "0-1"]
[Round "06"]
[TimeControl "180+2"]
[Date "2023.05.30"]
[WhiteClock "0:00:00"]
[BlackClock "0:01:59"]

1. d4 d5 2. Nf3 Bf5 3. c4 e6 4. cxd5 exd5 5. Qb3 Nc6 6. a3 Na5 7. Qa4+ c6 8. e3 Nf6 9. Bd2 Nc4 10. Bxc4 dxc4 11. Qxc4 Bd6 12. O-O h5 13. Nc3 h4 14. e4 Be6 15. d5 cxd5 16. exd5 Bf5 17. Bf4 Rc8 18. Qe2+ Kf8 19. Bxd6+ Qxd6 20. Qe5 Qd7 21. Rad1 a6 22. Rfe1 Re8 23. Qf4 h3 24. g3 g6 25. Rxe8+ Kxe8 26. Qe5+ Qe7 27. d6 Qxe5 28. Nxe5 Nd7 29. Nc4 Be6 30. Ne3 Rh5 31. Ne4 Rb5 32. Rc1 Kd8 33. b4 a5 34. Nc5 axb4 35. axb4 Rxb4 36. Nxe6+ fxe6 37. Ng4 Rxg4 38. Rb1 b6 39. f3 Rd4 40. g4 Rxd6 41. Kf2 Rd3 42. Rb5 Kc7 43. Kg3 Kc6 44. Rg5 b5 45. Rxg6 Rxf3+ 46. Kh4 Kd6 0-1


[Site "https://www.chess.com"]

[Event "Titled Tuesday Blitz May 30 Early 2023"]
[White "Cupid, Kevin"]
[Black "Zaitsev, Alexander"]
[WhiteFideId "7700512"]
[BlackFideId "4164490"]
[WhiteElo "2124"]
[BlackElo "2373"]
[Result "0-1"]
[Round "06"]
[TimeControl "180+2"]
[Date "2023.05.30"]
[WhiteClock "0:00:17"]
[BlackClock "0:01:36"]

1. d4 Nf6 2. Nf3 e6 3. c4 Bb4+ 4. Bd2 c5 5. e3 O-O 6. Bd3 b6 7. O-O Bb7 8. a3 Bxd2 9. Nbxd2 cxd4 10. exd4 d5 11. Qe2 Nc6 12. c5 a5 13. b3 bxc5 14. dxc5 Qe7 15. Rfc1 e5 16. Bf5 e4 17. Ng5 Nd4 0-1


[Site "https://www.chess.com"]

[Event "Titled Tuesday Blitz May 30 Early 2023"]
[White "Wang, Ricky"]
[Black "Sprenar, Petr"]
[WhiteFideId "2071916"]
[BlackFideId "397164"]
[WhiteElo "2293"]
[BlackElo "2182"]
[Result "1-0"]
[Round "06"]
[TimeControl "180+2"]
[Date "2023.05.30"]
[WhiteClock "0:00:24"]
[BlackClock "0:00:00"]

1. e4 c5 2. Nf3 e6 3. b3 a6 4. Bb2 d5 5. exd5 exd5 6. Be2 Nf6 7. O-O Bd6 8. d4 O-O 9. dxc5 Bxc5 10. c4 dxc4 11. Bxc4 Qxd1 12. Rxd1 Bg4 13. Nbd2 Nc6 14. h3 Bxf3 15. Nxf3 Ne4 16. Rf1 Rad8 17. Rac1 Nd4 18. Bxd4 Bxd4 19. Nxd4 Rxd4 20. Rfd1 Rxd1+ 21. Rxd1 b5 22. Bf1 Rc8 23. f3 Nc3 24. Rd6 a5 25. Rb6 g6 26. Bxb5 Nxa2 27. Rb7 Rc5 28. Bc4 Rf5 29. Kf2 Nc3 30. g4 Rf6 31. Ra7 Ne4+ 32. Ke3 Ng5 33. Bd5 Nxh3 34. Rxa5 Nf4 35. Ra8+ Kg7 36. Be4 h5 37. g5 1-0


[Site "https://www.chess.com"]

[Event "Titled Tuesday Blitz May 30 Early 2023"]
[White "Fiedorek, Michal"]
[Black "Pg, Mohd Omar Ak Hira"]
[WhiteFideId "1199528"]
[BlackFideId "10500103"]
[WhiteElo "2135"]
[BlackElo "2167"]
[Result "0-1"]
[Round "06"]
[TimeControl "180+2"]
[Date "2023.05.30"]
[WhiteClock "0:00:00"]
[BlackClock "0:01:26"]

1. e4 c5 2. Nf3 e6 3. d4 cxd4 4. Nxd4 a6 5. c4 Nf6 6. Nc3 Bb4 7. Be2 Nxe4 8. O-O Nxc3 9. bxc3 Bxc3 10. Rb1 Nc6 11. Nxc6 bxc6 12. Ba3 Bf6 13. Bd6 Be7 14. Bf3 Bxd6 15. Qxd6 Qe7 16. Qc7 O-O 17. Bxc6 Qc5 18. Rb6 dxc6 19. Rxc6 Qa7 20. Qa5 e5 21. c5 Be6 22. Rc7 Qb8 23. c6 Rc8 24. Rb7 Qd6 0-1


[Site "https://www.chess.com"]

[Event "Titled Tuesday Blitz May 30 Early 2023"]
[White "Antonova, Nadezhda"]
[Black "Srdanovic, Jovana"]
[WhiteFideId "14700182"]
[BlackFideId "954810"]
[WhiteElo "1799"]
[BlackElo "2169"]
[Result "0-1"]
[Round "06"]
[TimeControl "180+2"]
[Date "2023.05.30"]
[WhiteClock "0:00:02"]
[BlackClock "0:00:16"]

1. Nf3 d5 2. b3 c5 3. e3 Bg4 4. Bb2 e6 5. h3 Bxf3 6. Qxf3 a6 7. c4 Nf6 8. cxd5 Nxd5 9. Be2 Nb4 10. Na3 N8c6 11. O-O Nd3 12. Bxd3 Qxd3 13. Nc4 Rd8 14. Rfd1 f6 15. Qg3 e5 16. Qg4 Qd7 17. Qh5+ Qf7 18. Qg4 Be7 19. f4 exf4 20. Qxf4 O-O 21. d4 cxd4 22. exd4 b5 23. Ne3 Bd6 24. Qg4 Ne7 25. d5 Bc5 26. Re1 Nxd5 27. Bd4 Nxe3 28. Bxe3 Bxe3+ 29. Rxe3 Qa7 30. Re1 Rde8 31. Qf3 Rxe3 32. Qxe3 Qc7 33. Qe6+ Kh8 34. Qxa6 Qc5+ 35. Kh1 h6 36. Qe6 Rc8 37. Qe3 Qxe3 38. Rxe3 Rc2 39. a3 Ra2 40. Re8+ Kh7 41. Rb8 Rxa3 42. Rxb5 Ra2 43. Rb8 Rb2 44. b4 Rb1+ 45. Kh2 Kg6 46. Kg3 h5 47. Kf3 Rb2 48. b5 h4 49. b6 Rb3+ 50. Kg4 Rg3+ 51. Kxh4 Rxg2 52. b7 Rb2 53. Kg4 Rb4+ 54. Kg3 Rb3+ 55. Kg4 Rb4+ 56. Kg3 Rb1 57. Kg2 Rb2+ 58. Kg3 Kf5 59. h4 Rb3+ 60. Kg2 g6 61. Kh2 Rb2+ 62. Kg3 Rb3+ 63. Kg2 Rb2+ 64. Kg3 Rb1 65. Kg2 Rb6 66. Kg3 Rb3+ 67. Kg2 Kg4 68. h5 Rb2+ 69. Kg1 Kg3 70. Kf1 Kf3 71. Ke1 gxh5 72. Rf8 Rxb7 73. Rxf6+ Kg4 74. Kf2 Rb2+ 75. Kg1 Rb1+ 76. Kg2 Rb2+ 77. Kg1 h4 78. Rg6+ Kh3 79. Rg8 Rb3 80. Rf8 Rg3+ 81. Kh1 Re3 82. Rh8 Re1# 0-1


[Site "https://www.chess.com"]

[Event "Titled Tuesday Blitz May 30 Early 2023"]
[White "Sanhueza, Cristian"]
[Black "Lonoff, Marc"]
[WhiteFideId "116815"]
[BlackFideId "2001349"]
[WhiteElo "2174"]
[BlackElo "2140"]
[Result "1-0"]
[Round "06"]
[TimeControl "180+2"]
[Date "2023.05.30"]
[WhiteClock "0:01:24"]
[BlackClock "0:00:00"]

1. e4 e6 2. d4 d5 3. Nd2 Nc6 4. Ngf3 Nf6 5. e5 Nd7 6. Nb3 a5 7. a4 b6 8. Bb5 Na7 9. Be2 c5 10. c3 Nc6 11. Bg5 f6 12. exf6 Nxf6 13. O-O Bd6 14. Bb5 Bd7 15. Re1 Qe7 16. Bxc6 Bxc6 17. Ne5 Bd7 18. Nxd7 Kxd7 19. Bxf6 gxf6 20. dxc5 bxc5 21. Qe2 Rhb8 22. Nc1 Rb7 23. c4 d4 24. Nd3 Rg8 25. Qh5 Rg5 26. Qh3 Rb8 27. Re2 Rbg8 28. g3 h5 29. Rae1 f5 30. Qg2 Kc7 31. Rxe6 1-0


[Site "https://www.chess.com"]

[Event "Titled Tuesday Blitz May 30 Early 2023"]
[White "vlajkovicS"]
[Black "Makhmudov, Shukhrat"]
[BlackFideId "14200775"]
[WhiteElo "2637"]
[BlackElo "2135"]
[Result "0-1"]
[Round "06"]
[TimeControl "180+2"]
[Date "2023.05.30"]
[WhiteClock "0:01:35"]
[BlackClock "0:00:46"]

1. Nf3 d5 2. b3 Nf6 3. Bb2 c5 4. e3 Nc6 5. h3 e6 6. d3 Be7 7. Nbd2 O-O 8. Be2 a6 9. O-O b5 10. c4 bxc4 11. dxc4 d4 12. exd4 cxd4 13. a3 d3 14. Ne4 dxe2 15. Qxe2 Bb7 16. Rad1 Qb6 17. Nxf6+ Bxf6 18. Bxf6 gxf6 19. b4 Ne7 20. Nd4 Ng6 21. c5 Qc7 22. f4 Nxf4 23. Qg4+ Ng6 24. h4 f5 25. Qh3 Qe5 26. h5 Ne7 27. Qh4 Qg7 28. Rf2 Nc6 29. Rd3 Ne5 30. Rg3 Ng4 31. Nxf5 exf5 32. Rxf5 Qd4+ 33. Re3 Qxe3+ 34. Kf1 Qd3+ 35. Kg1 Qxf5 0-1


[Site "https://www.chess.com"]

[Event "Titled Tuesday Blitz May 30 Early 2023"]
[White "Kubicka, Anna"]
[Black "Urbina Perez, Juan Antonio"]
[WhiteFideId "1152254"]
[BlackFideId "2217368"]
[WhiteElo "2144"]
[BlackElo "2197"]
[Result "1-0"]
[Round "06"]
[TimeControl "180+2"]
[Date "2023.05.30"]
[WhiteClock "0:00:21"]
[BlackClock "0:00:14"]

1. e4 c5 2. Ne2 d6 3. g3 g6 4. Bg2 Bg7 5. O-O Nf6 6. c3 Nc6 7. d4 e5 8. h3 O-O 9. Be3 cxd4 10. cxd4 Re8 11. Nbc3 Qa5 12. d5 Nb8 13. a3 Bd7 14. b4 Qd8 15. Qd3 Rf8 16. Nb5 Bxb5 17. Qxb5 Qd7 18. Qxd7 Nbxd7 19. Rac1 Rfc8 20. Nc3 a6 21. Na4 h6 22. Nb6 Nxb6 23. Bxb6 Bf8 24. f3 Be7 25. h4 Bd8 26. Rxc8 Rxc8 27. Bxd8 Rxd8 28. Rc1 Rd7 29. Rc8+ Kg7 30. Bh3 Re7 31. Rd8 Ne8 32. Bd7 Nf6 33. Bc8 Rc7 34. Kg2 Rc2+ 35. Kh3 Rc7 36. a4 h5 37. b5 axb5 38. axb5 b6 39. g4 hxg4+ 40. Bxg4 Rc3 41. Kg2 Rc2+ 42. Kg3 Rc3 43. Kf2 Nxg4+ 44. fxg4 Rb3 45. Rxd6 Rxb5 46. h5 gxh5 47. gxh5 Rb3 48. h6+ Kh7 49. Rf6 b5 50. Rxf7+ Kxh6 51. Rf5 Rb2+ 52. Ke3 Rb3+ 53. Kd2 b4 54. Rxe5 Rf3 55. d6 Rf7 56. Rd5 Rd7 57. e5 Kg6 58. e6 Rd8 59. e7 1-0


[Site "https://www.chess.com"]

[Event "Titled Tuesday Blitz May 30 Early 2023"]
[White "Gatterer, Florian"]
[Black "Baches Garcia, Guillermo"]
[WhiteFideId "811688"]
[BlackFideId "2209764"]
[WhiteElo "2221"]
[BlackElo "2512"]
[Result "1/2-1/2"]
[Round "06"]
[TimeControl "180+2"]
[Date "2023.05.30"]
[WhiteClock "0:00:32"]
[BlackClock "0:00:57"]

1. b3 d5 2. Bb2 Bf5 3. g3 e6 4. Bg2 Nf6 5. d3 h6 6. Nd2 Bh7 7. e4 Be7 8. Qe2 O-O 9. f4 a5 10. a3 dxe4 11. Nxe4 Nxe4 12. Bxe4 Bxe4 13. Qxe4 Bf6 14. O-O-O Bxb2+ 15. Kxb2 Nc6 16. Nf3 a4 17. b4 Qd6 18. Ne5 Rad8 19. Nxc6 bxc6 20. Qc4 Rb8 21. Ka1 Rb5 22. Rhe1 Rfb8 23. d4 Rd5 24. c3 Rd8 25. Re5 Qd7 26. Kb2 Rb8 27. Rxd5 cxd5 28. Qe2 Qc6 29. Rc1 Qb6 30. Qd3 c5 31. dxc5 Qxc5 32. Qd4 Qc6 33. c4 dxc4 34. Qxc4 Qf3 35. Qc3 Qd5 36. Qc4 Qf3 37. Qc3 Qd5 38. Qc4 Qf3 1/2-1/2


[Site "https://www.chess.com"]

[Event "Titled Tuesday Blitz May 30 Early 2023"]
[White "Ljukin, Sergei"]
[Black "Dubreuil, Julien"]
[WhiteFideId "14102200"]
[BlackFideId "621285"]
[WhiteElo "2312"]
[BlackElo "2322"]
[Result "1/2-1/2"]
[Round "06"]
[TimeControl "180+2"]
[Date "2023.05.30"]
[WhiteClock "0:00:07"]
[BlackClock "0:00:06"]

1. e4 c5 2. Nf3 Nc6 3. d4 cxd4 4. Nxd4 g6 5. c4 Bg7 6. Be3 Nf6 7. Nc3 O-O 8. Be2 Nxd4 9. Bxd4 d6 10. O-O a5 11. Rc1 Bd7 12. b3 Bc6 13. f3 Nd7 14. Be3 Nc5 15. Nd5 Be5 16. f4 Bg7 17. Bf3 e6 18. Nc3 Bxc3 19. Bxc5 dxc5 20. Rxc3 a4 21. Qc2 axb3 22. axb3 Qd4+ 23. Kh1 Rfd8 24. Rd1 Qf6 25. Rxd8+ Rxd8 26. Qc1 Bxe4 27. h3 Bxf3 28. Rxf3 Rd4 29. Kh2 h5 30. Qe3 h4 31. Qf2 Kg7 32. Qe3 b6 33. Qf2 Qd8 34. Qe3 Rd2 35. Qe5+ Kg8 36. Qe3 Qd4 37. Qe1 Qb2 38. Qf1 Qd4 39. Qe1 Rd1 40. Qxh4 Qg1+ 41. Kg3 Qe1+ 42. Kg4 Kg7 43. Qxe1 Rxe1 44. Rd3 Rb1 45. Kf3 Kf6 46. g4 Ke7 47. h4 Rh1 48. Kg3 Rg1+ 49. Kh2 Rf1 50. Kg3 Rg1+ 51. Kf3 Rh1 52. Kg3 Rg1+ 1/2-1/2


[Site "https://www.chess.com"]

[Event "Titled Tuesday Blitz May 30 Early 2023"]
[White "Toncheva, Nadya"]
[Black "KVAIDAN"]
[WhiteFideId "2924056"]
[WhiteElo "2101"]
[BlackElo "2319"]
[Result "1-0"]
[Round "06"]
[TimeControl "180+2"]
[Date "2023.05.30"]
[WhiteClock "0:00:09"]
[BlackClock "0:00:59"]

1. e4 e5 2. Nf3 d5 3. Nxe5 Bd6 4. d4 dxe4 5. Nc4 Nf6 6. Nxd6+ Qxd6 7. Be3 Nc6 8. c3 Nd5 9. Nd2 f5 10. Nc4 Qg6 11. Qa4 O-O 12. O-O-O Bd7 13. Qb3 Be6 14. g3 Nb6 15. Qb5 Qf7 16. Ne5 Nxe5 17. Qxe5 Bxa2 18. g4 f4 19. Bd2 Bb3 20. Re1 a5 21. h4 a4 22. Qc5 a3 23. bxa3 Na4 24. Qb4 e3 25. fxe3 fxe3 26. Rxe3 b6 27. Bd3 c5 28. dxc5 bxc5 29. Qe4 g6 30. Rf1 Qd5 31. Qxd5+ Bxd5 32. Re7 Rxf1+ 33. Bxf1 Nb6 34. Bh6 Bf7 35. Rb7 Nd5 36. Bc4 Rd8 37. Bg5 Rc8 38. Rxf7 Kxf7 39. Bxd5+ Ke8 40. c4 Rc7 41. Kb2 h5 42. gxh5 gxh5 43. a4 Kd7 44. Kb3 Kc8 45. a5 Ra7 46. Ka4 Kb8 47. Kb5 Rg7 48. a6 Ka7 49. Be3 Rg4 50. Bxc5+ Kb8 51. Bd6+ Ka7 52. Bc5+ Kb8 53. a7+ Kc7 54. a8=Q Rxc4 55. Qb7+ Kd8 56. Qe7+ Kc8 57. Be6+ Kb8 58. Bd6+ Ka8 59. Bd5+ Rc6 60. Bxc6# 1-0


[Site "https://www.chess.com"]

[Event "Titled Tuesday Blitz May 30 Early 2023"]
[White "Fernandez Garcia, Gumersindo"]
[Black "Blokhin, Sofia"]
[WhiteFideId "24516740"]
[BlackFideId "4508190"]
[WhiteElo "2093"]
[BlackElo "1994"]
[Result "1-0"]
[Round "06"]
[TimeControl "180+2"]
[Date "2023.05.30"]
[WhiteClock "0:01:43"]
[BlackClock "0:00:04"]

1. g4 d5 2. Bg2 e6 3. c4 c6 4. Nc3 h6 5. h4 Nf6 6. g5 hxg5 7. hxg5 Rxh1 8. Bxh1 Nfd7 9. d3 Be7 10. Nf3 Na6 11. a3 b6 12. Bf4 g6 13. b4 Nc7 14. Qd2 Bb7 15. Bg2 a5 16. Rb1 axb4 17. axb4 Na6 18. b5 Nb4 19. Kf1 c5 20. Qb2 Bf8 21. Nd1 Ra2 22. Qh8 Qe7 23. Nc3 Ra3 24. Ne5 Nc2 25. Nxd7 Kxd7 26. cxd5 Nd4 27. dxe6+ Nxe6 28. Bxb7 Nxf4 29. Bc6+ Kc7 30. e3 Rxc3 31. Qxc3 Ne6 32. Ra1 Qxg5 33. Ra7+ Kd6 34. Rd7# 1-0


[Site "https://www.chess.com"]

[Event "Titled Tuesday Blitz May 30 Early 2023"]
[White "Erzhanov, Arman"]
[Black "Mikhaylova, Irina"]
[WhiteFideId "4138821"]
[BlackFideId "4109040"]
[WhiteElo "2138"]
[BlackElo "1975"]
[Result "1-0"]
[Round "06"]
[TimeControl "180+2"]
[Date "2023.05.30"]
[WhiteClock "0:00:28"]
[BlackClock "0:00:09"]

1. e4 c5 2. Nf3 Nc6 3. Bb5 e6 4. b3 f6 5. O-O Nh6 6. Nh4 g6 7. f4 f5 8. Bb2 Rg8 9. Nf3 Bg7 10. Bxg7 Rxg7 11. e5 Qb6 12. Na3 a6 13. Nc4 Qc7 14. Nd6+ Kf8 15. Be2 Nf7 16. Nxf7 Rxf7 17. d4 cxd4 18. Nxd4 Qb6 19. c3 Nxd4 20. Qxd4 Qxd4+ 21. cxd4 Ke7 22. Rac1 Kd8 23. Bf3 d5 24. exd6 Rd7 25. d5 Rxd6 26. dxe6 Rb8 27. Rfd1 Ke7 28. Rc7+ Kxe6 29. Re1+ Kf6 30. Rxh7 Be6 31. Rxb7 Rxb7 32. Bxb7 a5 33. Re2 a4 34. bxa4 Rb6 35. Bf3 Rb4 36. Bc6 Rxf4 37. a5 Rc4 38. Bb5 Rc5 39. Rb2 Rc7 40. Kf2 Bd5 41. a6 Ke5 42. Be2 Ra7 43. a4 Kd4 44. Rb6 g5 45. g3 g4 46. Rf6 Ke5 47. Rb6 Be4 48. Ke3 Re7 49. Bb5 Ra7 50. Rb8 Kd6 51. Re8 Kc5 52. Re5+ Kb6 53. Kf4 Rf7 54. Re6+ Ka7 55. Rd6 Rc7 56. Rd7 Rxd7 57. Bxd7 Kxa6 58. Bxf5 Bxf5 59. Kxf5 Ka5 60. Kxg4 Kxa4 61. h4 Kb5 62. Kf5 Kc6 63. Kf6 1-0


[Site "https://www.chess.com"]

[Event "Titled Tuesday Blitz May 30 Early 2023"]
[White "Dinu, Dumitru-Daniel"]
[Black "agvania123"]
[WhiteFideId "1208403"]
[WhiteElo "2240"]
[BlackElo "2256"]
[Result "1-0"]
[Round "06"]
[TimeControl "180+2"]
[Date "2023.05.30"]
[WhiteClock "0:02:35"]
[BlackClock "0:01:54"]

1. e4 d5 2. exd5 Qxd5 3. Nf3 Nf6 4. Nc3 Qd8 5. d4 Bg4 6. h3 Bxf3 7. Qxf3 c6 8. Be3 e6 9. Bd3 Bb4 10. g4 Nd5 11. Bd2 Qa5 12. O-O Nxc3 13. bxc3 Bxc3 14. Bxc3 Qxc3 15. Rab1 b6 16. d5 O-O 17. Bxh7+ Kxh7 18. Qxc3 cxd5 1-0


[Site "https://www.chess.com"]

[Event "Titled Tuesday Blitz May 30 Early 2023"]
[White "Zenin, Dmitry"]
[Black "mohsengabr2002"]
[WhiteFideId "4127897"]
[WhiteElo "2215"]
[BlackElo "2253"]
[Result "0-1"]
[Round "06"]
[TimeControl "180+2"]
[Date "2023.05.30"]
[WhiteClock "0:00:35"]
[BlackClock "0:01:00"]

1. d4 e6 2. c4 d5 3. Nc3 Nf6 4. cxd5 exd5 5. Bg5 c6 6. e3 Bd6 7. Bd3 Nbd7 8. Qc2 h6 9. Bh4 Be7 10. Nf3 Nh5 11. Bxe7 Qxe7 12. O-O O-O 13. Rae1 Nhf6 14. Nh4 Re8 15. Nf5 Qb4 16. a3 Qb6 17. b4 Nf8 18. Ng3 a5 19. Na4 Qd8 20. b5 N8d7 21. bxc6 bxc6 22. Qxc6 Rb8 23. Rc1 Rb3 24. Rc3 Bb7 25. Qc7 Qxc7 26. Rxc7 Rxd3 27. Rxb7 Rxa3 28. Nb2 Rb8 29. Rxb8+ Nxb8 30. Rc1 Na6 31. Nf5 Kh7 32. h3 g6 33. Nd6 Kg7 34. Rc6 Nb4 35. Rc7 Ra2 36. Rxf7+ Kg8 37. Rxf6 Rxb2 38. Rxg6+ Kf8 39. Nb5 Nd3 40. Nc7 a4 41. Ra6 Ra2 42. Nxd5 a3 43. Nc3 Ra1+ 44. Kh2 Nxf2 45. d5 Ke7 46. e4 Nd3 47. Kg3 Nc5 48. Ra5 Nb3 49. Ra6 Nc5 50. Kf4 Nxa6 0-1


[Site "https://www.chess.com"]

[Event "Titled Tuesday Blitz May 30 Early 2023"]
[White "De Souza, Cristiano Gomes"]
[Black "Alexikov, Alexander"]
[WhiteFideId "2151758"]
[BlackFideId "14103958"]
[WhiteElo "2068"]
[BlackElo "2186"]
[Result "0-1"]
[Round "06"]
[TimeControl "180+2"]
[Date "2023.05.30"]
[WhiteClock "0:01:25"]
[BlackClock "0:01:16"]

1. d4 Nf6 2. c4 g6 3. Nf3 Bg7 4. Nc3 d6 5. e4 O-O 6. Be2 e5 7. O-O Na6 8. Be3 Ng4 9. Bg5 f6 10. Bh4 Kh8 11. h3 Nh6 12. d5 c5 13. Nd2 Nc7 14. f3 Nf7 15. a3 Bh6 16. Bf2 b6 17. b4 Bd7 18. Nb3 Na6 19. b5 Nc7 20. a4 a5 21. Bd3 f5 22. exf5 gxf5 23. Qe2 Qf6 24. Na2 Rg8 25. Kh1 Ne8 26. Be3 Ng7 27. Bxh6 Qxh6 28. Qd2 f4 29. Rf2 Ng5 30. Bf1 Nh5 31. Nc3 Nxh3 32. gxh3 Ng3+ 0-1


[Site "https://www.chess.com"]

[Event "Titled Tuesday Blitz May 30 Early 2023"]
[White "Andrew_Ledger"]
[Black "Hajiyev, Kanan"]
[BlackFideId "13404148"]
[WhiteElo "2181"]
[BlackElo "2103"]
[Result "0-1"]
[Round "06"]
[TimeControl "180+2"]
[Date "2023.05.30"]
[WhiteClock "0:00:01"]
[BlackClock "0:00:03"]

1. e4 c6 2. d4 d5 3. e5 a6 4. Bd3 c5 5. c3 cxd4 6. cxd4 Nc6 7. Ne2 Bg4 8. f3 Bh5 9. O-O e6 10. Be3 Qb6 11. Qd2 Nge7 12. Nbc3 Bg6 13. a3 Nf5 14. Bf2 h5 15. b4 Qa7 16. Rfc1 Be7 17. Na4 h4 18. Nc5 O-O 19. Nxa6 Ncxd4 20. Nxd4 Nxd4 21. Nc7 Nb3 22. Qc3 Qa4 23. Nxa8 Nxc1 24. Nb6 Bxd3 25. Qxd3 Nxd3 26. Nxa4 Ra8 27. Nb6 Ra6 28. b5 Ra5 29. Nc8 Bxa3 30. Bb6 Rxb5 31. h3 Bf8 32. Kh2 g5 33. Be3 Nxe5 34. Nd6 Bxd6 35. f4 Kg7 36. fxe5 Bxe5+ 37. Kg1 f6 38. Bf2 Bxa1 39. Be3 Rb3 40. Bd4 Bxd4+ 0-1


[Site "https://www.chess.com"]

[Event "Titled Tuesday Blitz May 30 Early 2023"]
[White "Flis, Pawel"]
[Black "Llanos, Guillermo"]
[WhiteFideId "1112864"]
[BlackFideId "100358"]
[WhiteElo "1822"]
[BlackElo "2225"]
[Result "0-1"]
[Round "06"]
[TimeControl "180+2"]
[Date "2023.05.30"]
[WhiteClock "0:00:22"]
[BlackClock "0:01:07"]

1. e4 Nf6 2. e5 Nd5 3. d4 d6 4. c4 Nb6 5. Nc3 dxe5 6. dxe5 Qxd1+ 7. Nxd1 Nc6 8. Bf4 g6 9. Bg3 Bg7 10. f4 Be6 11. Ne3 O-O-O 12. Rd1 Rxd1+ 13. Kxd1 Rd8+ 14. Kc1 Nb4 15. Kb1 Nxc4 16. Bxc4 Bxc4 17. Nf3 Bd3+ 18. Ka1 h6 19. a3 Nc2+ 20. Nxc2 Bxc2 21. Rc1 Rd1 22. Rxd1 Bxd1 23. Nd4 c5 24. Nb5 Ba4 25. Nc3 Bc6 26. Bf2 b6 27. g3 h5 28. Kb1 Kd7 29. Kc2 Ke6 30. Kd3 Kf5 31. Ke3 Kg4 32. Bg1 Kh3 33. Kf2 f6 34. exf6 Bxf6 35. Kf1 Bg2+ 36. Ke1 Bc6 37. Kf1 Bd4 38. Bxd4 cxd4 39. Ne2 Bb5 40. Kf2 Bxe2 41. Kxe2 Kxh2 42. Kf3 d3 43. g4 d2 44. gxh5 d1=Q+ 45. Ke4 Qxh5 0-1


[Site "https://www.chess.com"]